 Dungeon Crawl Stone Soup version 0.19.1 (webtiles) character file.

17948 ImaNewbie the Carver (level 12, -3/103 HPs)
             Began as a Minotaur Gladiator on Dec 14, 2016.
             Was a High Priest of Hepliaklqana.
             Slain by an orc warrior
             ... wielding a +1 dire flail of protection
              (15 damage)
             ... on level 1 of the Orcish Mines.
             The game lasted 00:49:41 (12623 turns).

ImaNewbie the Carver (Minotaur Gladiator)          Turns: 12623, Time: 00:49:42

Health: -3/103     AC: 16    Str: 23    XL:     12   Next: 23%
Magic:  10/11      EV: 18    Int:  5    God:    Hepliaklqana [*****.]
Gold:   953        SH:  0    Dex: 13    Spells: 0 memorised, 11 levels left

rFire  + . .     SeeInvis .     a - +1 falchion (elec)
rCold  . . .     Gourm    .     J - +4 scale mail
rNeg   . . .     Faith    +     (no shield)
rPois  .         Spirit   .     B - +2 hat
rElec  .         Reflect  .     (no cloak)
rCorr  .         Harm     .     (no gloves)
MR     .....                    H - +0 pair of boots {run}
Stlth  ..........               q - amulet of faith
                                y - +3 ring of evasion
                                t - ring of protection from fire

@: drained, quick
A: retaliatory headbutt, reduced essence, horns 2, talons 1, sense surroundings
1, screaming 1
a: Recall Ancestor, Ancestor Identity, Transference, Idealise, Renounce Religion


You were on level 1 of the Orcish Mines.
You worshipped Hepliaklqana.
Hepliaklqana was extremely pleased with you.
You were not hungry.

You visited 3 branches of the dungeon, and saw 14 of its levels.
You also visited: Sewer and Ossuary.

You collected 990 gold pieces.
You spent 37 gold pieces at shops.

Inventory:

Hand Weapons
 a - a +1 falchion of electrocution (weapon)
 b - a +0 blowgun
 p - a +1 long sword
Missiles
 d - 8 throwing nets
 w - 4 poisoned tomahawks (quivered)
 F - 20 poisoned needles
 P - 2 curare-tipped needles
Armour
 v - a +0 ring mail
 B - a +2 hat (worn)
 H - a +0 pair of boots of running (worn)
 J - a +4 scale mail (worn)
 U - a +0 crystal plate armour
Jewellery
 i - an uncursed ring of fire
 q - an amulet of faith (around neck)
 t - a ring of protection from fire (left hand)
 y - a +3 ring of evasion (right hand)
 O - a +1 ring of evasion
 T - a cursed amulet of inaccuracy {unknown}
Wands
 C - a wand of polymorph (20/24)
 G - a wand of acid (3/15)
 K - a wand of polymorph (7/24)
 S - a wand of enslavement (8/24)
Scrolls
 j - 4 scrolls of remove curse
 l - 2 scrolls of amnesia
 o - 2 scrolls of teleportation
 x - 4 scrolls of fear {unknown}
 E - 3 scrolls of noise {unknown}
 M - a scroll of enchant armour
 Q - a scroll of enchant weapon
 V - a scroll of torment {unknown}
Potions
 c - 3 potions of lignification
 e - 2 potions of invisibility
 f - a potion of curing
 g - 2 potions of degeneration
 h - 3 potions of heal wounds
 k - 3 potions of agility
 r - a potion of resistance
 u - 2 potions of berserk rage
 A - 3 potions of flight
 D - 2 potions of cancellation {unknown}
Books
 W - a book of Air

   Spells                             Type                      Level
   a - Shock                          Conjuration/Air              1
   b - Swiftness                      Charms/Air                   2
   c - Repel Missiles                 Charms/Air                   2
   d - Static Discharge               Conjuration/Air              3
   e - Lightning Bolt                 Conjuration/Air              5
 X - a book of Changes

   Spells                             Type                      Level
   a - Beastly Appendage              Transmutation                1
   b - Sticks to Snakes               Transmutation                2
   c - Spider Form                    Transmutation/Poison         3
   d - Ice Form                       Ice/Transmutation            4
   e - Blade Hands                    Transmutation                5
Comestibles
 m - 7 chunks of flesh
 n - 9 fruits
 s - 9 meat rations
 z - 6 slices of pizza
 I - 8 bread rations
 L - 8 beef jerkies
 R - a royal jelly


   Skills:
 - Level 13.0(12.6) Fighting
 - Level 14.0(13.7) Long Blades
 - Level 2.0(1.7) Throwing
 + Level 11.3(11.0) Armour
 - Level 9.0(8.7) Dodging


You had 11 spell levels left.
You didn't know any spells.

Dungeon Overview and Level Annotations

Branches:
Dungeon (11/15)            Temple (1/1) D:5             Orc (2/2) D:10
    Elf (0/3) Orc:2
   Lair: D:8-11

Altars:
Ashenzari
Cheibriados
Dithmenos
Elyvilon
Hepliaklqana
Kikubaaqudgha
Okawaru
Qazlal
Ru
Sif Muna
Trog
Uskayaw
Xom
Zin
The Shining One

Shops:
D:6 (   D:7 ?

Annotations:
D:3 exclusion: downstairs


Innate Abilities, Weirdness & Mutations

You reflexively headbutt those who attack you in melee.
You have a pair of horns on your head.
Your life essence is reduced. (-10% HP)
You have sharp toenails.
You passively map a small area around you.
You occasionally shout uncontrollably at your foes.


Message History

The orc wizard blinks!
The soul eater hits you.
* * * LOW HITPOINT WARNING * * *
You feel drained.
There is a stone staircase leading up here.
The soul eater hits you!
* * * LOW HITPOINT WARNING * * *
The orc high priest barely misses Nindada.
The orc wizard gestures at you while chanting.
The puff of frost hits you!
* * * LOW HITPOINT WARNING * * *
Nindada closely misses the orc wizard.
The hellwing completely misses you.
The hellwing hits you but does no damage.
You climb upwards.
The troll shouts!
A troll comes into view.
The orc hits you but does no damage. The orc warrior closely misses you.
You riposte.
You slash the orc warrior! Your headbutt misses the orc warrior.
The orc warrior is moderately wounded.
The orc warrior hits you with a dire flail of protection!
You die...

##.....oo.........
#...>..o@o......# ..
,
#.........o.....#...
,
##......T#..........
##.........T#..#....
#.....#....#o.......
,
#...####....ooT.....
##.## ##.##......# ,
#...# ###........o ,
##.## ##....######.
### #.....# ,, ,,,
#..)R.# * #...)## ,
##..#)#, ###.o# ,o#
#...###o##o
##.#..$.o..


You could see 4 trolls, 2 orc warriors, 2 orc priests, an orc wizard and 3 orcs.

Vanquished Creatures
  Gastronok (D:10)
  Harold (D:11)
  An orc high priest (Orc:1)
  An unseen horror (D:10)
  Pikel (D:7)
  An orc knight (Orc:1)
  An orc sorcerer (Orc:2)
  4 trolls
  The ghost of TheSquall the Carver, an amateur MiFi (D:4)
  A hornet (D:10)
  3 hippogriffs
  A shadow (D:10)
  12 yaks
  A wyvern (D:10)
  4 hungry ghosts
  3 wargs
  2 mottled dragons (D:11)
  A water moccasin (D:6)
  An ice beast (D:9)
  A phantom (D:9)
  16 orc warriors
  2 sky beasts
  A black bear (D:6)
  4 slaves (D:7)
  6 ogres
  7 centaurs
  2 crocodiles
  An elf zombie (Ossuary)
  7 bullfrogs
  A gnoll sergeant (D:10)
  6 scorpions
  Dowan (D:6)
  3 killer bees (D:10)
  2 wights (D:8)
  A jelly (D:6)
  3 crimson imps
  23 orc wizards
  7 hounds
  A quasit (D:11)
  A centaur skeleton (D:5)
  2 centaur zombies
  2 human zombies (Ossuary)
  24 orc priests
  A bullfrog skeleton (D:5)
  3 iguanas
  6 worker ants
  A big kobold zombie (Ossuary)
  2 hound zombies
  2 hound skeletons
  3 mummies (Ossuary)
  A worker ant zombie (D:6)
  6 gnolls
  6 adders
  A shadow imp (D:5)
  2 oozes
  4 adder zombies
  An adder skeleton (D:9)
  6 worms
  4 dart slugs
  3 leopard geckos
  79 orcs
  4 giant cockroaches
  2 gnoll zombies (Ossuary)
  6 goblins
  2 hobgoblins
  12 jackals
  9 kobolds
  A quokka (D:2)
  16 bats
  4 frilled lizards
  6 goblin zombies (Ossuary)
  4 hobgoblin zombies (Ossuary)
  5 jackal zombies (Ossuary)
  2 kobold zombies (Ossuary)
  2 orc zombies (Ossuary)
  16 rats
  A rat zombie (Ossuary)
388 creatures vanquished.

Vanquished Creatures (collateral kills)
  A troll (Orc:1)
  2 hippogriffs
  Sigmund (D:5)
  A hungry ghost (D:7)
  Duvessa (D:6)
  An orc warrior (Orc:2)
  An ogre (D:5)
  A wight (D:8)
  A howler monkey (D:10)
  A hound (D:6)
  3 orc wizards
  An iguana (D:8)
  A gnoll (D:6)
  A river rat (D:11)
  A shadow imp (D:6)
  An adder zombie (D:5)
  12 orcs
  A bat (D:11)
32 creatures vanquished.

Vanquished Creatures (others)
  5 hexers
  3 ancestors (D:6)
  A fungus (D:11)
  4 toadstools (D:1)
13 creatures vanquished.

Grand Total: 433 creatures vanquished

Notes
Turn   | Place    | Note
-------+----------+-------------------------------------------
     0 | D:1      | ImaNewbie the Minotaur Gladiator began the quest for the Orb.
     0 | D:1      | Reached XP level 1. HP: 18/18 MP: 0/0
   139 | D:1      | Reached skill level 4 in Long Blades
   168 | D:1      | Reached XP level 2. HP: 25/25 MP: 1/1
   640 | D:1      | Reached skill level 5 in Long Blades
   660 | D:1      | Reached XP level 3. HP: 20/30 MP: 2/2
  1511 | D:2      | Reached XP level 4. HP: 34/37 MP: 3/3
  1561 | D:3      | Reached skill level 6 in Long Blades
  1941 | D:3      | Found a glowing drain.
  1950 | Sewer    | Entered a sewer
  1957 | Sewer    | Reached XP level 5. HP: 40/42 MP: 4/4
  1999 | Sewer    | Noticed a crocodile
  2019 | Sewer    | Killed a crocodile
  2019 | Sewer    | Reached skill level 7 in Long Blades
  2370 | D:3      | Reached skill level 8 in Long Blades
  2383 | D:3      | Reached XP level 6. HP: 44/50 MP: 5/5
  2555 | D:4      | Noticed TheSquall's ghost (amateur MiFi)
  2638 | D:4      | Reached skill level 9 in Long Blades
  3231 | D:5      | Entered Level 5 of the Dungeon
  3328 | D:5      | Found a sand-covered staircase.
  3336 | Ossuary  | Entered an ossuary
  3345 | Ossuary  | Reached XP level 7. HP: 56/56 MP: 6/6
  3468 | Ossuary  | Reached skill level 10 in Long Blades
  3666 | D:5      | Found a staircase to the Ecumenical Temple.
  3687 | Temple   | Entered the Ecumenical Temple
  3711 | Temple   | Became a worshipper of Hepliaklqana the Forgotten
  3757 | D:5      | Noticed Sigmund
  3762 | D:5      | Killed Sigmund
  3762 | D:5      | Reached skill level 11 in Long Blades
  3844 | D:5      | Reached XP level 8. HP: 55/55 MP: 7/7
  4205 | D:6      | Reached * piety under Hepliaklqana
  4274 | D:6      | Noticed Dowan
  4279 | D:6      | Killed Dowan
  4298 | D:6      | Reached skill level 12 in Long Blades
  4343 | D:6      | Noticed Duvessa
  4588 | D:6      | Found Vugut's Weapon Emporium.
  4749 | D:6      | Killed Duvessa
  4899 | D:6      | Identified a +0 pair of boots of running (You found it on level 6 of the Dungeon)
  5026 | D:6      | Reached skill level 13 in Long Blades
  5505 | D:6      | Reached XP level 9. HP: 61/61 MP: 8/8
  5702 | D:6      | Reached skill level 14 in Long Blades
  6253 | D:7      | Noticed Pikel
  6253 | D:7      | Reached skill level 5 in Fighting
  6264 | D:7      | Killed Pikel
  6305 | D:7      | Reached ** piety under Hepliaklqana
  6306 | D:7      | Remembered your ancestor Nindada as a hexer
  6307 | D:7      | Found Onluev's Magic Scroll Boutique.
  7074 | D:8      | Reached XP level 10. HP: 64/83 MP: 9/9
  7125 | D:8      | Reached skill level 10 in Fighting
  7259 | D:8      | Reached *** piety under Hepliaklqana
  7776 | D:9      | Reached skill level 1 in Armour
  8105 | D:9      | Reached **** piety under Hepliaklqana
  8467 | D:9      | You fall through a shaft for 2 floors!
  8499 | D:11     | Noticed a gargoyle
  8549 | D:10     | Entered Level 10 of the Dungeon
  8555 | D:10     | Paralysed by a hornet for 2 turns
  8561 | D:10     | Reached skill level 5 in Dodging
  8772 | D:10     | Noticed Gastronok
  8788 | D:10     | Found a staircase to the Orcish Mines.
  8862 | D:10     | Reached skill level 5 in Armour
  9203 | D:10     | Killed Gastronok
  9203 | D:10     | Reached XP level 11. HP: 94/94 MP: 10/10
  9330 | D:10     | Killed an unseen horror
  9880 | D:10     | Reached ***** piety under Hepliaklqana
 10101 | D:10     | Gained mutation: You occasionally shout uncontrollably at your foes. [potion of mutation]
 10101 | D:10     | Gained mutation: You passively map a small area around you. [potion of mutation]
 10101 | D:10     | Gained mutation: You have sharp toenails. [potion of mutation]
 10247 | D:6      | Bought a +0 blowgun for 37 gold pieces
 10753 | D:4      | Killed TheSquall's ghost
 10984 | D:11     | Noticed Harold
 11017 | D:11     | Killed Harold
 11438 | Orc:1    | Entered Level 1 of the Orcish Mines
 11646 | Orc:2    | Entered Level 2 of the Orcish Mines
 11660 | Orc:2    | Noticed an orc knight
 11991 | Orc:1    | HP: 3/96 [orc warrior/short sword (13)]
 11998 | Orc:1    | Reached XP level 12. HP: 24/103 MP: 11/11
 12009 | Orc:1    | Reached skill level 10 in Armour
 12554 | Orc:1    | Noticed an orc high priest
 12574 | Orc:1    | Killed an orc high priest
 12590 | Orc:2    | Noticed an orc high priest
 12596 | Orc:2    | Found a staircase to the Elven Halls.
 12607 | Orc:2    | Noticed an orc high priest
 12613 | Orc:2    | HP: 3/103 [orc high priest/divine providence (10)]
 12623 | Orc:1    | Slain by an orc warrior

Skill      XL: |  1  2  3  4  5  6  7  8  9 10 11 12 |
---------------+-------------------------------------+-----
Long Blades    | 4 5 6 8 9 11 13 14 | 14.0
Fighting       | 9 12 13 | 13.0
Armour         | 6 9 11 | 11.3
Dodging        | 6 9 |  9.0
Throwing       | |  2.0

Action                   |  1- 3 |  4- 6 |  7- 9 | 10-12 || total
-------------------------+-------+-------+-------+-------++-------
Melee: Long sword        |    79 |   103 |   334 |       ||   516
       Headbutt          |    13 |    14 |    99 |   125 ||   251
       Falchion          |       |       |    14 |   492 ||   506
Throw: Tomahawk          |       |       |       |     4 ||     4
Invok: Recall Ancestor   |       |       |     2 |     8 ||    10
       Ancestor Life: He |       |       |     1 |       ||     1
  Use: Scroll            |       |     9 |     7 |     5 ||    21
       Potion            |       |       |       |     7 ||     7
 Stab: Distracted        |       |       |     3 |     1 ||     4
       Confused          |       |       |       |     3 ||     3
  Eat: Chunk             |     2 |     6 |    13 |    20 ||    41
Armor: Leather armour    |    24 |       |       |       ||    24
       Scale mail        |       |    38 |    43 |   153 ||   234
       Ring mail         |       |     3 |    41 |       ||    44
Dodge: Dodged            |    74 |    63 |   176 |   328 ||   641
       Rpst.: Long sword |    22 |    15 |    44 |       ||    81
       Falchion          |       |       |     4 |    70 ||    74
